 Dungeon Crawl Stone Soup version 0.23-a0-394-g6ce9549 (webtiles) character file.

43022 sleepydude the Peltast (level 13, -3/119 HPs)
             Began as a Minotaur Fighter on Oct 31, 2018.
             Was the Champion of Okawaru.
             Killed from afar by a raiju (14 damage)
             ... with a living lightning
             ... on level 2 of the Abyss.
             The game lasted 00:51:04 (15340 turns).

sleepydude the Peltast (Minotaur Fighter)          Turns: 15340, Time: 00:51:04

Health: -3/119     AC: 24    Str: 25    XL:     13   Next: 88%
Magic:  13/13      EV: 10    Int:  1    God:    Okawaru [******]
Gold:   924        SH: 15    Dex: 16    Spells: 12/12 levels left

rFire    + . .     SeeInvis .   Q - +4 flail (freeze)
rCold    x . .     Gourm    .   c - +0 shield
rNeg     + . .     Faith    +   G - +0 plate armour
rPois    .         Spirit   .   e - +1 hat
rElec    .         Reflect  .   v - +1 cloak
rCorr    .         Harm     .   U - +0 pair of gloves of the Doldrums {rN+ MR+}
MR       +....     Rnd*Rage +   l - +2 pair of boots Stlth ..........Rnd*Tele +
                                C - amulet of faith
HPRegen  0.29/turn              M - +5 ring of dexterity
MPRegen  0.13/turn              j - ring of fire

@: about to teleport, drained
A: retaliatory headbutt, horns 2, [berserk 2], [dopey 2], [teleportitis 3]
a: Heroism, Finesse, Renounce Religion


You were on level 2 of the Abyss.
You worshipped Okawaru.
Okawaru was exalted by your worship.
You were not hungry.

You visited 3 branches of the dungeon, and saw 16 of its levels.
You visited the Abyss 1 time.
You also visited: Ossuary and Volcano.

You collected 924 gold pieces.

Inventory:

Hand Weapons
 a - a +1 flail
 m - a +4 morningstar of freezing
 y - a +1 mace of protection
 L - a +9 great mace
 Q - a +4 flail of freezing (weapon)
Armour
 c - a +0 shield (worn)
 e - a +1 hat (worn)
 g - a +0 pair of gloves
 l - a +2 pair of boots (worn)
 v - a +1 cloak (worn)
 G - a +0 plate armour (worn)
 P - a +3 ring mail of cold resistance
 S - a +0 chain mail of fire resistance
 T - a +3 plate armour of fire resistance
 U - the +0 pair of gloves of the Doldrums (worn) {rN+ MR+}
   (Okawaru gifted it to you on level 2 of the Lair of Beasts)

   It protects you from negative energy.
   It affects your resistance to hostile enchantments.
Jewellery
 j - a ring of fire (right hand)
 C - an amulet of faith (around neck)
 H - an uncursed amulet of harm {unknown}
 I - a +4 amulet of reflection
 M - a +5 ring of dexterity (left hand)
 V - an uncursed amulet of harm {unknown}
Wands
 t - a wand of clouds (6)
 F - a wand of enslavement (11)
 O - a wand of paralysis (11)
Scrolls
 b - 8 scrolls of remove curse {@r2}
 h - a scroll of teleportation
 k - 4 scrolls of identify {@r1}
 q - 6 scrolls of enchant armour
 r - 2 scrolls of magic mapping
 s - a scroll of amnesia
 w - 3 scrolls of blinking
 x - 3 scrolls of enchant weapon
 D - a scroll of fear
 K - a scroll of fog
Potions
 d - 4 potions of might
 i - 2 potions of invisibility
 n - 4 potions of curing {@q1}
 o - 3 potions of brilliance
 u - 2 potions of resistance
 z - 5 potions of agility
 A - 2 potions of flight
 B - a potion of magic
 E - a potion of ambrosia
 J - 3 potions of heal wounds
 N - a potion of haste
 R - a potion of cancellation {unknown}
Miscellaneous
 W - a box of beasts
Comestibles
 f - 30 rations


   Skills:
 + Level 12.3(11.9) Fighting
 + Level 15.1(14.8) Maces & Flails
 + Level 13.0(12.6) Armour
 + Level 4.1(3.8) Dodging
 + Level 1.7(1.4) Stealth
 + Level 15.6(15.2) Shields
 + Level 2.5(2.2) Invocations


You had 12 spell levels left.
You didn't know any spells.
Your spell library contained the following spells:

 Spells                   Type           Power        Failure   Level  Hunger
 Animate Skeleton         Necr           N/A          99%         1    ##.....
 Pain                     Necr           #...         99%         1    ##.....
 Sandblast                Erth           #.....       99%         1    ##.....
 Summon Small Mammal      Summ           #...         99%         1    ##.....
 Call Imp                 Summ           #.......     100%        2    ###....
 Passwall                 Tmut/Erth      #.......     100%        2    ###....
 Call Canine Familiar     Summ           #.......     100%        3    ####...
 Regeneration             Chrm/Necr      #.........   100%        3    ####...
 Stone Arrow              Conj/Erth      #.....       100%        3    ####...
 Summon Guardian Golem    Hex/Summ       #.......     100%        3    ####...
 Vampiric Draining        Necr           #.........   100%        3    ####...
 Animate Dead             Necr           N/A          100%        4    #####..
 Petrify                  Tmut/Erth      #.......     100%        4    #####..
 Summon Ice Beast         Ice/Summ       #.......     100%        4    #####..
 Summon Lightning Spire   Summ/Air       #.......     100%        4    #####..
 Lee's Rapid Deconstruct  Erth           #.........   100%        5    ######.


Dungeon Overview and Level Annotations

Branches:
Dungeon (11/15)            Temple (1/1) D:6            Lair (4/6) D:11
 Shoals (0/4) Lair:2       Spider (0/4) Lair:2
    Orc: D:9-12

Altars:
Ashenzari
Cheibriados
Dithmenos
Elyvilon
Fedhas
Gozag
Hepliaklqana
Kikubaaqudgha
Makhleb
Nemelex Xobeh
Okawaru
Qazlal
Ru
Sif Muna
Trog
Uskayaw
Vehumet
Wu Jian
Xom
Yredelemnul
Zin
The Shining One

Shops:
D:6 }:(

Annotations:
Lair:1 3 runed doors, Bihao's ghost, journeyman TrAK
Lair:4 Rupert; Sonja


Innate Abilities, Weirdness & Mutations

You reflexively headbutt those who attack you in melee.
You have a pair of horns on your head.
[You often lose your temper in combat.]
[You are very dopey. (Int -4)]
[You are often teleported next to monsters.]


Message History

A tentacled starspawn comes into view.
You start resting. 3 raiju come into view.
As you read the scroll of teleportation, it crumbles to dust.
You feel strangely unstable.
You feel the power of the Abyss delaying your translocation!
The raiju barks! x3; You hear a bark!
The raiju bursts into living lightning!
The living lightning hits you!
The raiju blinks!
You closely miss the raiju. You headbutt the raiju!
The raiju is moderately wounded.
The raiju bursts into living lightning!
The living lightning hits you!
* * * LOW HITPOINT WARNING * * *
The raiju blinks! x2; The raiju barely misses you.
The raiju bursts into living lightning!
The living lightning hits you!
* * * LOW HITPOINT WARNING * * *
The living lightning hits you!
You die...

# . . .## #. .
### # ##.# #..
. #.##. ## #
#### # ..# #
#.#..#.###..#
...#.#...##h#.#
.
#.§.....h.@.#.
# ##..#h##.####
##§....... # #
..§h.##..#.#.
..#### ...#.#
#.##... . ..
#.#...# .. ..
#.#. .X ..


You could see 3 raiju.

Vanquished Creatures
  3 entropy weavers (Lair:3)
  2 hydras
  2 ghost crabs (Lair:3)
  Erica (Lair:2)
  Harold (D:11)
  2 two-headed ogres
  A thrashing horror (Abyss:2)
  A soul eater (Abyss:2)
  5 fire crabs
  Pikel (D:8)
  2 lindwurms
  An orb spider (Lair:2)
  A cyclops (D:11)
  A manticore (D:8)
  An apocalypse crab (Lair:3)
  5 black mambas
  6 spiny frogs
  A torpor snail (Lair:3)
  4 rime drakes
  2 gargoyles
  A smoke demon (Abyss:2)
  4 komodo dragons
  An efreet (D:9)
  A queen bee (D:11)
  A merfolk (D:9)
  A troll (D:10)
  A large abomination (Abyss:2)
  A hornet (D:9)
  5 blink frogs
  3 tyrant leeches (Lair:3)
  6 dream sheep (Lair:2)
  An iron dragon simulacrum (Abyss:2)
  3 hippogriffs
  A vampire (D:10)
  A wraith (D:11)
  2 wyverns
  12 yaks
  12 fire bats (Volcano)
  3 basilisks
  3 steam dragons
  A neqoxec (Abyss:2)
  6 swamp worms (Lair:3)
  9 water moccasins
  A hell hound (Volcano)
  Duvessa (D:7)
  6 porcupines
  5 orc warriors
  An ice beast (D:5)
  2 slaves (D:8)
  4 black bears
  A sky beast (D:9)
  A necrophage (D:8)
  11 ogres
  5 phantoms
  13 wolves
  5 centaurs
  5 crocodiles
  11 bullfrogs
  Dowan (D:7)
  A wyvern skeleton (D:11)
  2 small abominations (Abyss:2)
  9 scorpions
  17 killer bees
  7 howler monkeys
  8 wights (D:11)
  An electric eel (Lair:2)
  3 centaur zombies
  4 crimson imps
  5 lava snakes (Volcano)
  2 bullfrog zombies
  3 jellies
  2 quasits
  6 hounds
  5 orc priests
  A human zombie (Ossuary)
  Crazy Yiuf (D:3)
  13 orc wizards
  4 bullfrog skeletons
  A centaur skeleton (D:6)
  5 iguanas
  Natasha (D:4)
  8 worker ants
  2 big kobold zombies (Ossuary)
  A hound zombie (D:9)
  3 mummies (Ossuary)
  6 scorpion zombies (Ossuary)
  9 adders
  5 shadow imps
  A white imp (Lair:4)
  2 oozes
  5 worms
  3 dart slugs
  7 leopard geckos
  36 orcs
  2 ball pythons
  11 bats
  6 giant cockroaches
  4 goblins
  4 hobgoblins
  19 jackals
  4 quokkas
  A ball python skeleton (D:4)
  2 frilled lizards
  2 gnoll zombies (Ossuary)
  A goblin zombie (Ossuary)
  4 hobgoblin zombies (Ossuary)
  A kobold (D:3)
  A kobold zombie (Ossuary)
  3 orc zombies (Ossuary)
  A quokka skeleton (D:7)
  7 rats
457 creatures vanquished.

Vanquished Creatures (others)
  An entropy weaver (Lair:3)
  An orc (D:8)
  A fungus (Lair:3)
  5 plants (Lair:3)
8 creatures vanquished.

Grand Total: 465 creatures vanquished

Notes
Turn   | Place    | Note
-------+----------+-------------------------------------------
     0 | D:1      | sleepydude the Minotaur Fighter began the quest for the
                  | Orb.
     0 | D:1      | Reached XP level 1. HP: 19/19 MP: 0/0
   148 | D:1      | Reached XP level 2. HP: 27/27 MP: 1/1
   622 | D:2      | Reached XP level 3. HP: 29/33 MP: 2/2
   803 | D:2      | Reached skill level 1 in Dodging
   883 | D:2      | Reached XP level 4. HP: 40/40 MP: 3/3
  1088 | D:2      | Found a glowing silver altar of Zin.
  1449 | D:3      | Reached XP level 5. HP: 46/46 MP: 4/4
  1627 | D:3      | Reached skill level 5 in Shields
  1750 | D:3      | Found an ancient bone altar of Kikubaaqudgha.
  1929 | D:3      | Found a blossoming altar of Fedhas.
  1982 | D:3      | Reached XP level 6. HP: 53/53 MP: 5/5
  2105 | D:3      | Found a runed door.
  2109 | D:3      | Noticed Crazy Yiuf
  2114 | D:3      | Killed Crazy Yiuf
  2228 | D:4      | Reached skill level 5 in Maces & Flails
  2228 | D:4      | Reached skill level 5 in Armour
  2516 | D:4      | Found a bloodstained altar of Trog.
  2596 | D:4      | Found a deep blue altar of Sif Muna.
  2739 | D:4      | Noticed Natasha
  2743 | D:4      | Killed Natasha
  2743 | D:4      | Reached XP level 7. HP: 58/60 MP: 6/6
  2782 | D:5      | Entered Level 5 of the Dungeon
  3144 | D:5      | Found a sand-covered staircase.
  3149 | Ossuary  | Entered an ossuary
  3169 | Ossuary  | Reached skill level 5 in Fighting
  3571 | Ossuary  | Reached XP level 8. HP: 50/68 MP: 7/7
  4440 | D:6      | Found Ytaph's Gadget Shop.
  4693 | D:6      | Found a staircase to the Ecumenical Temple.
  4699 | Temple   | Entered the Ecumenical Temple
  4901 | Temple   | Became a worshipper of Warmaster Okawaru
  4929 | D:6      | Reached XP level 9. HP: 67/78 MP: 8/8
  5021 | D:6      | Found a bloodstained altar of Trog.
  5021 | D:6      | Found a shadowy altar of Dithmenos.
  5021 | D:6      | Found a white marble altar of Elyvilon.
  5058 | D:6      | Found a shattered altar of Ashenzari.
  5169 | D:6      | Found Piv Atas's Book Shoppe.
  5199 | D:6      | Found Kuchima's Antique Weapon Shoppe.
  5374 | D:7      | Reached * piety under Okawaru
  5670 | D:7      | Noticed Duvessa
  5670 | D:7      | Noticed Dowan
  5677 | D:7      | Killed Duvessa
  5677 | D:7      | Reached skill level 10 in Maces & Flails
  5680 | D:7      | Killed Dowan
  5898 | D:8      | Noticed a manticore
  5916 | D:8      | Killed a manticore
  5916 | D:8      | Reached ** piety under Okawaru
  5933 | D:8      | Noticed a two-headed ogre
  5946 | D:8      | Killed a two-headed ogre
  5946 | D:8      | Reached *** piety under Okawaru
  5946 | D:8      | Reached XP level 10. HP: 49/86 MP: 6/9
  6294 | D:8      | Reached skill level 10 in Shields
  6327 | D:8      | Noticed Pikel
  6351 | D:8      | Killed Pikel
  6351 | D:8      | Reached **** piety under Okawaru
  6931 | D:9      | Found a snail-covered altar of Cheibriados.
  7107 | D:9      | Noticed a two-headed ogre
  7118 | D:9      | Killed a two-headed ogre
  7183 | D:9      | Reached ***** piety under Okawaru
  7560 | D:10     | Entered Level 10 of the Dungeon
  7624 | D:10     | Reached XP level 11. HP: 95/95 MP: 10/10
  8668 | D:11     | Noticed Harold
  8688 | D:11     | Killed Harold
  8861 | D:11     | Received a gift from Okawaru
  8881 | D:11     | Got a translucent falchion {god gift}
  8954 | D:11     | Identified the +3 falchion "Xeamyergh" {freeze, rC+ rN+
                  | Dex-2 SInv} (Okawaru gifted it to you on level 11 of the
                  | Dungeon)
  9128 | D:11     | Found a staircase to the Lair.
  9412 | D:11     | Reached ****** piety under Okawaru
  9545 | Lair:1   | Entered Level 1 of the Lair of Beasts
  9763 | Lair:1   | Received a gift from Okawaru
  9856 | Lair:1   | Reached skill level 10 in Fighting
  9856 | Lair:1   | Reached XP level 12. HP: 106/106 MP: 11/11
  9871 | Lair:1   | Reached skill level 1 in Invocations
 10009 | Lair:1   | Noticed Bihao's ghost (journeyman TrAK)
 10011 | Lair:1   | Noticed a seven-headed hydra
 10190 | Lair:1   | Found a runed gate.
 10190 | Lair:1   | Found a runed gate.
 10207 | Lair:1   | Reached skill level 10 in Armour
 10208 | Lair:1   | Found a runed gate.
 10423 | Lair:2   | Received a gift from Okawaru
 10429 | Lair:2   | Got a steaming spear {god gift}
 10467 | Lair:2   | Noticed a four-headed hydra
 10476 | Lair:2   | Found a dark tunnel.
 10486 | Volcano  | Entered a volcano
 10711 | Volcano  | Reached skill level 1 in Stealth
 10801 | Volcano  | Identified the +1 spear of Rezig {drain, Str+4 Dex+8}
                  | (Okawaru gifted it to you on level 2 of the Lair of Beasts)
 10876 | Volcano  | Found a bloodstained altar of Trog.
 11268 | Lair:2   | Killed a four-headed hydra
 11268 | Lair:2   | Received a gift from Okawaru
 11272 | Lair:2   | Got a pair of faintly humming gloves {god gift}
 11283 | Lair:2   | Identified the +0 pair of gloves of the Doldrums {rN+ MR+}
                  | (Okawaru gifted it to you on level 2 of the Lair of Beasts)
 11526 | Lair:2   | Noticed Erica
 11544 | Lair:2   | Killed Erica
 11934 | Lair:2   | Found a staircase to the Shoals.
 12265 | Lair:2   | Found a hole to the Spider Nest.
 12420 | Lair:2   | Reached XP level 13. HP: 86/116 MP: 13/13
 13067 | Lair:3   | Reached skill level 15 in Shields
 13144 | Lair:3   | Received a gift from Okawaru
 13445 | Lair:3   | Found a runed door.
 13684 | Lair:3   | Noticed an entropy weaver
 13697 | Lair:3   | Killed an entropy weaver
 13765 | Lair:3   | Noticed an entropy weaver
 13776 | Lair:3   | Killed an entropy weaver
 14080 | Lair:3   | Noticed an entropy weaver
 14086 | Lair:3   | Reached skill level 15 in Maces & Flails
 14094 | Lair:3   | Killed an entropy weaver
 14424 | Lair:3   | Noticed an entropy weaver
 14437 | Lair:3   | Killed an entropy weaver
 14447 | Lair:3   | Received a gift from Okawaru
 14578 | Lair:4   | Noticed Sonja
 14586 | Lair:4   | Noticed Rupert
 14589 | Lair:4   | Cast into level 2 of the Abyss (Sonja)
 15004 | Abyss:2  | Noticed a bone dragon
 15135 | Abyss:2  | Noticed a starcursed mass
 15323 | Abyss:2  | Noticed a tentacled starspawn
 15340 | Abyss:2  | Killed from afar by a raiju

Vault maps used:
D:1:      lightli_arrival_windingriver, minmay_domino_2
D:2:      lemuel_coloured_pillars_altar
D:3:      kiku_gazebo_pond_becter, fedhas_altar_1, uniq_crazy_yiuf_cottage
D:4:      led_sif_pool, trog_book, uniq_natasha
D:5:      enter_ossuary_5, first_ration
D:6:      ashenzari_altar_1, gammafunk_temple_overflow_forgotten,
          minmay_temple_entry_statues_pillars, serial_shops, shop, shop,
          nicolae_shop_behind_doors
D:7:      uniq_duvessa
D:8:      uniq_pikel
D:9:      basic_altar, hangedman_fish_farm, grunt_ministairs_1
D:11:     lair_entry_dummy, minivault_7, uniq_harold
Temple:   eino_narrow_crystal_temple
Lair:1:   gammafunk_ghost_split, grunt_megastairs_3
Lair:2:   shoals_dummy_entry, nicolae_spider_entry_orb_guardian,
          nicolae_volcano_entry_vermiform, uniq_erica
Lair:3:   gammafunk_mikee_crab_dinner, worms_lemuel, lemuel_fruit_fields,
          lemuel_fruit_tree
Lair:4:   portal_ice_cave_entry_imps, chequers_serial_rivers_room_a, uniq_sonja,
          uniq_rupert
Abyss:2:  hangedman_classic_abyss_death
Ossuary:  ossuary_minmay_scorpions
Volcano:  volcano_grotto

Skill      XL: |  1  2  3  4  5  6  7  8  9 10 11 12 13 |
---------------+----------------------------------------+-----
Armour         | 4 5 6 7 8 9 11 13 | 13.0
Fighting       | 4 5 6 7 8 10 11 12 | 12.3
Shields        | 4 5 6 7 9 11 13 14 15 | 15.6
Maces & Flails | 3 4 5 7 9 11 12 13 14 15 | 15.1
Dodging        | 1 2 3 4 |  4.1
Invocations    | 1 2 |  2.5
Stealth        | 1 |  1.7

Action                   |  1- 3 |  4- 6 |  7- 9 | 10-12 | 13-15 || total
-------------------------+-------+-------+-------+-------+-------++-------
Melee: Flail             |    92 |   187 |   214 |   346 |   253 ||  1092
       Headbutt          |     7 |    46 |   118 |   208 |    83 ||   462
       Mace              |       |       |   225 |   535 |       ||   760
       Morningstar       |       |       |       |    30 |       ||    30
       Great mace        |       |       |       |       |    20 ||    20
Invok: Heroism           |       |       |     2 |    11 |    10 ||    23
  Use: Scroll            |       |     1 |    11 |    16 |     6 ||    34
       Potion            |       |       |       |     2 |     2 ||     4
  Eat: Chunk             |       |     6 |     8 |    15 |     5 ||    34
       Ration            |       |       |     1 |     2 |     2 ||     5
Armor: Scale mail        |    60 |    12 |       |       |       ||    72
       Chain mail        |       |   108 |   153 |       |       ||   261
       Plate armour      |       |       |    46 |   470 |   148 ||   664
Dodge: Dodged            |    39 |    46 |    98 |   263 |    95 ||   541
Block: Shield            |    57 |   122 |   233 |   583 |   145 ||  1140

Table legend:
 A = Non-vault XP
 B = Vault XP
 C = Vault XP percentage of total XP
 D = Non-vault monster count
 E = Vault monster count
 F = Vault count percentage of total count
                 A         B        C        D         E       F
            +---------+---------+-------+---------+---------+-------
      Total |   37452 |   24008 |  39.1 |     350 |     106 |  23.2
            +---------+---------+-------+---------+---------+-------
        D:1 |      23 |       2 |   8.0 |      14 |       1 |   6.7
        D:2 |     127 |       0 |   0.0 |      27 |       0 |   0.0
        D:3 |     234 |      40 |  14.6 |      34 |       1 |   2.9
        D:4 |     293 |      36 |  10.9 |      13 |       1 |   7.1
        D:5 |     635 |       0 |   0.0 |      19 |       0 |   0.0
        D:6 |    1059 |       0 |   0.0 |      22 |       0 |   0.0
        D:7 |     917 |     225 |  19.7 |      24 |       2 |   7.7
        D:8 |    2666 |     718 |  21.2 |      22 |       1 |   4.3
        D:9 |    2862 |     347 |  10.8 |      22 |       2 |   8.3
       D:10 |    2310 |     122 |   5.0 |      28 |       2 |   6.7
       D:11 |    4780 |    2192 |  31.4 |      38 |      17 |  30.9
     Lair:1 |    3583 |     157 |   4.2 |      18 |       1 |   5.3
     Lair:2 |    8776 |    2135 |  19.6 |      39 |       3 |   7.1
     Lair:3 |    6315 |   12290 |  66.1 |      22 |      21 |  48.8
     Lair:4 |       0 |      10 | 100.0 |       0 |       1 | 100.0
    Abyss:2 |    2872 |       0 |   0.0 |       8 |       0 |   0.0
    Ossuary |       0 |     691 | 100.0 |       0 |      30 | 100.0
    Volcano |       0 |    5043 | 100.0 |       0 |      23 | 100.0
            +---------+---------+-------+---------+---------+-------
